 Dungeon Crawl Stone Soup version 0.30.0-29-ga12c61a403 (webtiles) character file.

Game seed: 10717068137446675011

5001 Graphine the Cleaver (level 10, 0/90 HPs)
             Began as a Hill Orc Fighter on June 22, 2023.
             Was a Priest of the Shining One.
             Slain by an orc warlord
             ... wielding a +4 battleaxe
              (30 damage)
             ... in a bailey.
             The game lasted 00:14:16 (5464 turns).

Graphine the Cleaver (Hill Orc Fighter)             Turns: 5464, Time: 00:14:16

Health: 0/90       AC: 10    Str: 22    XL:     10   Next: 54%
Magic:  16/16      EV:  9    Int:  8    God:    the Shining One [***...]
Gold:   452        SH:  5    Dex: 10    Spells: 9/9 levels left

rFire   . . .        i - +10 hand crossbow of Proximity {speed, rElec rN+ Dex-2}
rCold   . . .        c - +0 buckler
rNeg    + + +        b - +1 scale mail
rPois   +            (no helmet)
rElec   +            B - +0 cloak
rCorr   .            (no gloves)
SInv    .            (no boots)
Will    .....        (no amulet) Stlth
                     h - ring of positive energy
HPRegen 0.35/turn    p - ring of poison resistance
MPRegen 0.15/turn

%: no passive effects
@: glowing
A: no striking features
a: Renounce Religion, Divine Shield, Cleansing Flame


You were in a bailey.
You worshipped the Shining One.
The Shining One was most pleased with you.
You visited 2 branches of the dungeon, and saw 8 of its levels.
You also visited: Ossuary and Bailey.

You collected 452 gold pieces.

Inventory:

Hand Weapons
 a - a +1 war axe of freezing
 i - the +10 hand crossbow of Proximity (weapon) {speed, rElec rN+ Dex-2}
   (You acquired it on level 2 of the Dungeon)

   Dex:       It affects your dexterity (-2).
   rElec:     It insulates you from electricity.
   rN:        It protects you from negative energy.
 o - the +9 staff of Olgreb {rPois∞}
   (You found it on level 5 of the Dungeon)

   It enhances your poison magic.
   It grants immunity to poison.
   It can be activated via the 'a'bility menu to radiate toxic energy, with
   effectiveness depending on Evocations skill.
 A - the +8 trident of the Octopus King {venom, rElec rPois}
   (You found it on level 7 of the Dungeon)

   rElec:     It insulates you from electricity.
   rPois:     It protects you from poison.
 E - a +3 hand axe
Armour
 b - a +1 scale mail (worn)
 c - a +0 buckler (worn)
 B - a +0 cloak (worn)
Jewellery
 h - a ring of positive energy (left hand)
 n - a +6 ring of intelligence
 p - a ring of poison resistance (right hand)
 z - a +6 ring of strength
 C - a ring of protection from fire
 F - a ring of flight
Wands
 g - a wand of flame (21)
 u - a wand of paralysis (11)
Scrolls
 e - 3 scrolls of torment
 f - a scroll of amnesia
 q - a scroll of magic mapping
 s - 3 scrolls of enchant armour
 t - 3 scrolls of fog
 y - 4 scrolls of immolation
 G - a scroll of identify
Potions
 d - 2 potions of might
 j - 3 potions of curing
 k - 2 potions of flight {unknown}
 m - 4 potions of mutation
 r - 2 potions of cancellation {unknown}
 v - 3 potions of invisibility {unknown}
 w - 4 potions of attraction {unknown}
 x - 3 potions of magic {unknown}
 D - 2 potions of haste {unknown}


   Skills:
 + Level 8.4 Fighting
 + Level 8.8 Axes
 + Level 5.3 Ranged Weapons
 + Level 7.4 Armour
 + Level 7.6 Shields
 + Level 8.1 Invocations


You had 9 spell levels left.
You didn't know any spells.
Your spell library contained the following spells:

 Spells                   Type           Power      Damage    Failure   Level
 Magic Dart               Conj           0%         1d3       77%         1
 Call Imp                 Summ           0%         N/A       88%         2
 Mephitic Cloud           Conj/Pois/Air  0%         N/A       98%         3
 Ozocubu's Armour         Ice            0%         N/A       98%         3
 Portal Projectile        Hex/Tloc       0%         N/A       98%         3
 Tukima's Dance           Hex            0%         N/A       98%         3
 Blade Hands              Tmut           0%         N/A       100%        5
 Ozocubu's Refrigeration  Ice            0%         4d7       100%        7


Dungeon Overview and Level Annotations

Branches:
Dungeon (7/15)             Temple (1/1) D:4         Ossuary (visited)
 Bailey (1/1)

Altars:
Ashenzari
Cheibriados
Dithmenos
Elyvilon
Fedhas
Kikubaaqudgha
Makhleb
Okawaru
Qazlal
Ru
Sif Muna
Trog
Wu Jian
Xom
Yredelemnul
The Shining One

Shops:
D:7 *

Annotations:
D:5 1 runed translucent door
D:6 1 runed translucent door


Message History

Fire: i) +10 hand crossbow of Proximity {speed, rElec rN+ Dex-2}
Press: ? - help, Q - select action, (/) - cycle Shift-Dir - straight line, f/p - orc warlord
Aim: an orc warlord, wielding a +4 battleaxe and wearing a +0 chain mail (heavily wounded, 78% to hit)
You shoot a bolt. The bolt hits the orc warlord.
The orc warlord is heavily wounded.
Fire: i) +10 hand crossbow of Proximity {speed, rElec rN+ Dex-2}
Press: ? - help, Q - select action, (/) - cycle Shift-Dir - straight line, f/p - orc warlord
Aim: an orc warlord, wielding a +4 battleaxe and wearing a +0 chain mail (heavily wounded, haloed, 90% to hit)
You shoot a bolt. The bolt hits the orc warlord.
The orc warlord is heavily wounded.
Fire: i) +10 hand crossbow of Proximity {speed, rElec rN+ Dex-2}
Press: ? - help, Q - select action, (/) - cycle Shift-Dir - straight line, f/p - orc warlord
Aim: an orc warlord, wielding a +4 battleaxe and wearing a +0 chain mail (heavily wounded, haloed, 90% to hit)
You shoot a bolt. The bolt hits the orc warlord.
The orc warlord is heavily wounded.
Okay, then.
Okay, then.
Really read the scroll of torment?
This action would place you under penance!
Okay, then.
Okay, then.
Okay, then.
Fire: i) +10 hand crossbow of Proximity {speed, rElec rN+ Dex-2}
Press: ? - help, Q - select action, (/) - cycle Shift-Dir - straight line, f/p - orc warlord
Aim: an orc warlord, wielding a +4 battleaxe and wearing a +0 chain mail (heavily wounded, haloed, 90% to hit)
Okay, then.
Fire: i) +10 hand crossbow of Proximity {speed, rElec rN+ Dex-2}
Press: ? - help, Q - select action, (/) - cycle Shift-Dir - straight line, f/p - orc warlord
Aim: an orc warlord, wielding a +4 battleaxe and wearing a +0 chain mail (heavily wounded, haloed, 90% to hit)
You shoot a bolt. The bolt hits the orc warlord.
The orc warlord is severely wounded.
You block the orc warlord's attack.
Fire: i) +10 hand crossbow of Proximity {speed, rElec rN+ Dex-2}
Press: ? - help, Q - select action, (/) - cycle Shift-Dir - straight line, f/p - orc warlord
Aim: an orc warlord, wielding a +4 battleaxe and wearing a +0 chain mail (severely wounded, haloed, 90% to hit)
You shoot a bolt. The bolt hits the orc warlord.
The orc warlord is severely wounded.
Your divine shield fades away.
The orc warlord hits you with a +4 battleaxe!
The orc warlord hits you with a +4 battleaxe!!
You die...

##### ##### #...##
##...## .....##
##.....##
......#######..o@...##
8..8....)......8..8..##
....)...).............#
........).............#
8......#'''#......8...#
....####~~~####......##
....#~~~~~~~~~#.(...##♣
....#~.8...8.~#.((.##.♣
##'###.......###'###..♣♣


You could see an orc warlord.

Vanquished Creatures
  The ghost of fedoskokos the Cleaver, a novice FoFi of Gozag (D:6)
  Grinder (D:4)
  A wyvern (D:7)
  2 redbacks (D:5)
  A steam dragon (D:6)
  4 water moccasins (D:5)
  3 orc warriors (Bailey)
  2 ice beasts
  3 black bears
  A phantom (D:6)
  3 bullfrogs (D:6)
  12 scorpions
  A gnoll sergeant (D:7)
  11 wights
  5 killer bees (D:5)
  A centaur zombie (Ossuary)
  A hound (D:7)
  2 jellies
  2 orc priests (D:6)
  A human zombie (Ossuary)
  A gnoll bouda (D:7)
  4 iguanas
  4 orc wizards
  5 mummies (Ossuary)
  6 adders
  10 gnolls
  2 white imps (D:5)
  4 worms
  23 orcs
  3 bats
  6 endoplasms
  5 giant cockroaches
  10 goblins
  8 hobgoblins
  9 jackals
  21 kobolds
  A quokka (D:5)
  8 ball pythons
  2 frilled lizards
  2 hobgoblin zombies (Ossuary)
  3 kobold zombies (Ossuary)
  An orc zombie (Ossuary)
  A quokka zombie (D:4)
  5 rats
  A rat zombie (D:4)
203 creatures vanquished.

Notes
Turn   | Place    | Note
-------+----------+-------------------------------------------
     0 | D:1      | Graphine the Hill Orc Fighter began the quest for the Orb.
     0 | D:1      | Reached XP level 1. HP: 19/19 MP: 1/1
    42 | D:1      | Reached XP level 2. HP: 27/27 MP: 2/2
    73 | D:1      | Reached skill level 1 in Invocations
   464 | D:1      | Reached XP level 3. HP: 28/33 MP: 3/3
  1127 | D:2      | Identified a scroll of acquirement
  1127 | D:2      | Acquired the +10 hand crossbow of Proximity {speed, rElec
                  | rN+ Dex-2}
  1206 | D:3      | Reached XP level 4. HP: 40/40 MP: 5/5
  1687 | D:4      | Noticed a scorpion
  1700 | D:4      | Killed a scorpion
  1701 | D:4      | Reached XP level 5. HP: 31/47 MP: 6/6
  1795 | D:4      | Noticed Grinder
  1799 | D:4      | Killed Grinder
  1800 | D:4      | Reached skill level 1 in Ranged Weapons
  1800 | D:4      | Reached XP level 6. HP: 55/55 MP: 6/8
  1832 | D:4      | Found a staircase to the Ecumenical Temple.
  1845 | Temple   | Entered the Ecumenical Temple
  1865 | Temple   | Became a worshipper of the Shining One
  1987 | D:4      | Found a sand-covered staircase.
  1996 | Ossuary  | Entered an ossuary
  2083 | Ossuary  | Reached * piety under the Shining One
  2087 | Ossuary  | Reached skill level 5 in Fighting
  2102 | Ossuary  | Reached XP level 7. HP: 61/61 MP: 9/9
  2527 | D:5      | Entered Level 5 of the Dungeon
  2601 | D:5      | Reached skill level 5 in Axes
  2744 | D:5      | Noticed a redback
  2746 | D:5      | Found a runed translucent door.
  2747 | D:5      | Found a runed translucent gate.
  2748 | D:5      | Found a runed translucent gate.
  2757 | D:5      | Found a runed translucent gate.
  2759 | D:5      | Reached ** piety under the Shining One
  2759 | D:5      | Noticed a redback
  2766 | D:5      | Found a runed translucent door.
  2773 | D:5      | Found the +9 staff of Olgreb {rPois∞}
  2797 | D:5      | Reached skill level 5 in Shields
  2866 | D:5      | Reached skill level 5 in Armour
  2957 | D:5      | Reached XP level 8. HP: 69/69 MP: 11/11
  3254 | D:5      | Reached skill level 5 in Invocations
  3278 | D:5      | Reached XP level 9. HP: 37/78 MP: 13/13
  3858 | D:6      | Found a runed translucent door.
  3862 | D:6      | Noticed fedoskokos's ghost (novice FoFi)
  3955 | D:6      | Killed fedoskokos's ghost
  4083 | D:6      | Found a runed translucent door.
  4180 | D:6      | Reached XP level 10. HP: 67/88 MP: 15/15
  4260 | D:6      | Reached *** piety under the Shining One
  4393 | D:6      | Reached skill level 5 in Ranged Weapons
  4797 | D:7      | Found the +8 trident of the Octopus King {venom, rElec
                  | rPois}
  4936 | D:7      | Found an iron altar of Okawaru.
  4943 | D:7      | Found Gaofiz's Assorted Antiques.
  5134 | D:7      | Found a flagged portal.
  5144 | Bailey   | Entered a bailey
  5151 | Bailey   | Noticed an orc warlord
  5278 | Bailey   | Found a runed translucent gate.
  5281 | Bailey   | Found a runed translucent gate.
  5283 | Bailey   | Found a runed translucent gate.
  5464 | Bailey   | Slain by an orc warlord

Illustrated notes

Levels and vault maps discovered:
D:1:      minmay_arrival_shattered_statue, layout_basic
D:2:      layout_rooms
D:3:      layout_rooms, grunt_decor_one_mirror
D:4:      layout_basic, minmay_temple_entry_antechambers, enter_ossuary_4,
          uniq_grinder
D:5:      layout_basic, minmay_guarded_unrand_staff_of_olgreb
D:6:      layout_loops_ring, ebering_ghost_sewer_f
D:7:      layout_basic, chequers_temple_overflow_statue_of_worship,
          mainiacjoe_overflow_concentric_impassable, okawaru_trees_1,
          serial_shops, shop, enter_bailey_4, kennysheep_generic_room_9
Temple:   hellmonk_temple_two_chambers
Bailey:   bailey_axe_bossmonster_kennysheep, bailey

Skill      XL: |  1  2  3  4  5  6  7  8  9 10 |
---------------+-------------------------------+-----
Axes           | 3 4 5 6 8 |  8.8
Invocations    | 1 2 3 4 5 7 8 |  8.1
Fighting       | 4 5 6 7 8 |  8.4
Shields        | 4 5 6 7 |  7.6
Ranged Weapons | 1 2 3 4 5 |  5.3
Armour         | 4 5 7 |  7.4

Action                     |  1- 3 |  4- 6 |  7- 9 | 10-12 || total
---------------------------+-------+-------+-------+-------++-------
  Melee: War axe           |    88 |     9 |       |       ||    97
   Fire: Hand crossbow     |     4 |    59 |   170 |   142 ||   375
 Invoke: Divine Shield     |       |       |       |     1 ||     1
    Use: Scroll            |     8 |     3 |     2 |     5 ||    18
         Potion            |       |       |     5 |     2 ||     7
 Armour: Scale mail        |    43 |     6 |    48 |    14 ||   111
  Dodge: Dodged            |    61 |    11 |    41 |    20 ||   133
  Block: Buckler           |    27 |     6 |    29 |    18 ||    80
